 Dungeon Crawl Stone Soup version 0.19.0-20-gbc5f0c6 (webtiles) character file.

128 Esekla the Ducker (level 4, -1/22 HPs)
             Began as a Spriggan Skald on Nov 16, 2016.
             Killed from afar by a dart slug (2 damage)
             ... with a slug dart
             ... on level 3 of the Dungeon.
             The game lasted 00:24:46 (3398 turns).

Esekla the Ducker (Spriggan Skald)                  Turns: 3398, Time: 00:24:47

Health: -1/22      AC:  2    Str:  8    XL:     4   Next: 86%
Magic:  5/9        EV: 20    Int: 13    God:
Gold:   132        SH:  0    Dex: 16    Spells: 4 memorised, 0 levels left

rFire  + . .     SeeInvis +     t - +0 rapier
rCold  . . .     Gourm    +     b - +0 robe
rNeg   . . .     Faith    .     (shield restricted)
rPois  .         Spirit   .     (helmet restricted)
rElec  .         Reflect  .     (no cloak)
rCorr  .         Harm     .     (gloves unavailable)
MR     .....                    (boots unavailable)
Stlth  ++........               n - amulet of the gourmand
                                (no ring)
                                h - ring of protection from fire

@: singing (expiring), very quick
A: unfitting armour, see invisible, herbivore 3, speed 3, slow metabolism 2
a: Stop Singing


You were on level 3 of the Dungeon.
You were not hungry.

You visited 1 branch of the dungeon, and saw 3 of its levels.

You collected 132 gold pieces.

Inventory:

Hand Weapons
 m - a +0 hunting sling
 t - a +0 rapier (weapon)
Missiles
 f - 37 stones (quivered)
Armour
 b - a +0 robe (worn)
Jewellery
 h - a ring of protection from fire (left hand)
 n - an amulet of the gourmand (around neck)
Wands
 o - a wand of slowing (29/48)
Scrolls
 l - 4 scrolls of identify {unknown}
 p - a scroll of teleportation {unknown}
 r - a scroll of noise {unknown}
 u - a scroll of immolation {unknown}
Potions
 a - a potion of might {unknown}
 e - a potion of degeneration {unknown}
 g - a potion of brilliance {unknown}
 i - 2 potions of heal wounds {unknown}
 j - 2 potions of curing {unknown}
 k - a potion of agility {unknown}
 q - a potion of haste {unknown}
 s - 2 potions of lignification {unknown}
Books
 c - a book of Battle

   Spells                             Type                      Level
   a - Infusion                       Charms                       1
   b - Shroud of Golubria             Charms/Translocation         2
   c - Song of Slaying                Charms                       2
   d - Spectral Weapon                Hexes/Charms                 3
   e - Regeneration                   Charms/Necromancy            3
Comestibles
 d - 2 bread rations


   Skills:
 - Level 1.5 Fighting
 + Level 3.4 Short Blades
 + Level 1.7 Slings
 * Level 4.8 Dodging
 + Level 1.9 Stealth
 - Level 2.6 Spellcasting
 - Level 4.4 Charms
 + Level 2.0 Translocations


You couldn't memorise any spells.
You knew the following spells:

 Your Spells              Type           Power        Failure   Level  Hunger
a - Infusion              Chrm           ##..         4%          1    #......
b - Shroud of Golubria    Chrm/Tloc      ##........   12%         2    ###....
c - Song of Slaying       Chrm           ##......     8%          2    ###....
d - Spectral Weapon       Hex/Chrm       #.......     34%         3    ###....


Dungeon Overview and Level Annotations

Branches:
Dungeon (3/15)

Altars:


Innate Abilities, Weirdness & Mutations

You are very small and have problems with some larger weapons.
You are too small for most types of armour.
You have supernaturally acute eyesight. (SInv)
You are a herbivore.
You cover ground extremely quickly.
You need consume almost no food.


Message History

You hit the orc but do no damage.
The orc is almost dead.
The orc hits you with a club.
You barely miss the orc.
The orc is almost dead.
The orc closely misses you.
You hit the orc.
You kill the orc!
The phantom hits you!
* * * LOW HITPOINT WARNING * * *
The dart slug launches a dart at you. The slug dart misses you.
The slug dart hits the phantom.
Okay, then.
Things that are here:
a club; a scale mail; an orc corpse You hit the dart slug.
The dart slug is heavily wounded.
The dart slug launches a dart at you. The slug dart hits you!
You die...

.......#†# #######
.......#.# #.. #......
.......#.# #.. #......
.......#.# #... #..†...
......(#.# #... #####'#
#...#.# #.... #.#
.#.....######....#####.#
#.......w............†#.#
.........@W...(.....)....#
.........#############.###
########.. #..........
#... #.#####.##. #... #+
#.##. #.... #.... #. ####.
#. .. #.


You could see a phantom and a dart slug.

Vanquished Creatures
  7 adders (D:2)
  2 dart slugs (D:2)
  2 worms (D:2)
  2 leopard geckos
  2 orcs (D:3)
  3 giant cockroaches (D:1)
  2 goblins
  6 hobgoblins
  8 jackals
  2 kobolds
  A ball python (D:1)
  6 bats
  3 frilled lizards
  9 rats
55 creatures vanquished.

Notes
Turn   | Place    | Note
-------+----------+-------------------------------------------
     0 | D:1      | Esekla the Spriggan Skald began the quest for the Orb.
     0 | D:1      | Reached XP level 1. HP: 10/10 MP: 5/5
   420 | D:1      | Reached XP level 2. HP: 11/14 MP: 6/6
   424 | D:1      | Learned a level 2 spell: Shroud of Golubria
   427 | D:1      | Learned a level 2 spell: Song of Slaying
  1725 | D:2      | Reached skill level 1 in Stealth
  1725 | D:2      | Reached skill level 1 in Translocations
  1725 | D:2      | Reached XP level 3. HP: 13/18 MP: 4/8
  2167 | D:2      | Reached XP level 4. HP: 16/22 MP: 4/9
  2173 | D:2      | Reached skill level 1 in Slings
  2588 | D:2      | Learned a level 3 spell: Spectral Weapon
  3321 | D:3      | Noticed a phantom
  3396 | D:3      | HP: 1/22 [phantom (7)]
  3398 | D:3      | Killed from afar by a dart slug

Skill      XL: |  1  2  3  4 |
---------------+-------------+-----
Dodging        | 3 4 |  4.8
Stealth        | 1 |  1.9
Translocations | 1 2 |  2.0
Short Blades   | 3 |  3.4
Slings         | 1 |  1.7
Fighting       | |  1.5
Spellcasting   | |  2.6
Charms         | |  4.4

Action                   |  1- 3 |  4- 6 || total
-------------------------+-------+-------++-------
Melee: Short sword       |   113 |     4 ||   117
       Rapier            |       |    77 ||    77
 Fire: Hunting sling     |    22 |    14 ||    36
Throw: Stone             |    26 |    17 ||    43
 Cast: Infusion          |     4 |     3 ||     7
       Shroud of Golubri |     2 |     4 ||     6
       Song of Slaying   |     1 |     1 ||     2
 Stab: Sleeping          |     4 |     1 ||     5
  Eat: Pizza             |       |     1 ||     1
Armor: Robe              |     9 |     6 ||    15
Dodge: Dodged            |    84 |    68 ||   152
